 Dungeon Crawl Stone Soup version 0.19-a0-1225-gf887c1c (webtiles) character file.

0 glosham the Skirmisher (level 1, 0/14 HPs)
             Began as a Kobold Abyssal Knight on Aug 25, 2016.
             Was a Follower of Lugonu.
             Slain by an Executioner (13 damage)
             ... on level 1 of the Abyss.
             The game lasted 00:02:11 (131 turns).

glosham the Skirmisher (Kobold Abyssal Knight)       Turns: 131, Time: 00:02:12

Health: 0/14       AC:  3    Str: 10    XL:     1   Next: 0%
Magic:  2/2        EV: 14    Int: 10    God:    Lugonu [*.....]
Gold:   0          SH:  0    Dex: 15    Spells: 0 memorised, 0 levels left

rFire  . . .     SeeInvis .     a - +1 short sword
rCold  . . .     Gourm    .     b - +0 leather armour
rNeg   . . .     Faith    .     (shield restricted)
rPois  .         Spirit   .     (no helmet)
rElec  .         Dismiss  .     (no cloak)
rCorr  .         Reflect  .     (no gloves)
MR     .....     Harm     .     (no boots)
Stlth  +.........               (no amulet)
                                (no ring)
                                (no ring)

@: no status effects
A: carnivore 3
a: Depart the Abyss, Renounce Religion


You were on level 1 of the Abyss.
You worshipped Lugonu.
Lugonu was aware of your devotion.
You were not hungry.

You visited 0 branches of the dungeon, and saw 0 of its levels.
You visited the Abyss 1 time.

Inventory:

Hand Weapons
 a - a +1 short sword (weapon)
Armour
 b - a +0 leather armour (worn)
Comestibles
 c - a meat ration


   Skills:
 - Level 3.2 Fighting
 - Level 2.6 Short Blades
 - Level 0.7 Armour
 - Level 2.4 Dodging
 + Level 0.0 Stealth
 - Level 2.0 Invocations


You couldn't memorise any spells.
You didn't know any spells.

Dungeon Overview and Level Annotations

Branches:
Dungeon (0/15)

Altars:


Innate Abilities, Weirdness & Mutations

You are small and have problems with some larger weapons.
You are carnivorous and can eat meat at any time.


Message History

Welcome, glosham the Kobold Abyssal Knight.
The bosom of this dungeon contains the fabled artefact, the Orb of Zot.
Lugonu says: Depart the Abyss and spread corruption, my servant! (use the ability menu to exit the Abyss) Press ? for a list of commands and other information.
Found a scroll labeled SOTIFR ZULULA.
Found a corrupted altar of Lugonu.
You see here a scroll labeled SOTIFR ZULULA.
d - a scroll labeled SOTIFR ZULULA
As you read the scroll labeled SOTIFR ZULULA, it crumbles to dust.
It is a scroll of identify.
You don't have any unidentified items.
Found a gateway leading out of the Abyss.
Found a leather armour.
A chaos spawn comes into view.
The chaos spawn roars deafeningly!
A raiju comes into view.
The raiju barks!
A tentacled starspawn comes into view.
A tentacle flies out from the starspawn's body!
An orange demon and a starspawn tentacle come into view.
The tentacled starspawn moves out of view.
An iron imp comes into view.
The iron imp shouts!
The iron imp lashes its tail.
An Executioner comes into view.
The iron imp hits you.
Tentacles burst from the starspawn's body!
The iron imp closely misses you. 2 starspawn tentacles come into view.
The Executioner gives a hideous shriek!
You hear a shout!
The Executioner gestures.
The Executioner seems to speed up.
A chaos spawn comes into view.
The Executioner hits you!
Ouch! That really hurt!
You die...

..#. #.## #. .#.# .
. #.. ... .# #. .#.
1.. ... ##.#
#....#.### #..#..
##. ..##
#.....####...# .#
######....
#..#...## #...## .#
# . #...# #.#@#.
.## # ...##.
##1#X.#. .#X5. #.w#
#..#...#.#.#. . #
###.#.########.#.#.
...## #.......
.##... # ...... ..
..#. ..#. .... #.
.## 4ยง#.#..# . # #
.......#


You could see a tentacled starspawn and an Executioner.

Vanquished Creatures (others)
  4 starspawn tentacles (Abyss:1)
4 creatures vanquished.

Notes
Turn   | Place    | Note
-------+----------+-------------------------------------------
     0 | Abyss:1  | glosham the Kobold Abyssal Knight began the quest for the Orb.
     0 | Abyss:1  | Reached XP level 1. HP: 14/14 MP: 2/2
    61 | Abyss:1  | Noticed a chaos spawn
    68 | Abyss:1  | Noticed a raiju
    75 | Abyss:1  | Noticed a tentacled starspawn
    76 | Abyss:1  | Noticed an orange demon
   100 | Abyss:1  | Noticed an eight-headed hydra zombie
   101 | Abyss:1  | Noticed an iron imp
   112 | Abyss:1  | Noticed an Executioner
   130 | Abyss:1  | Noticed a chaos spawn
   131 | Abyss:1  | Slain by an Executioner

Vault maps used:

Action                   || total
-------------------------++-------
  Use: Scroll            ||     1
Dodge: Dodged            ||     1

Table legend:
 A = Turns spent in this place as a percentage of turns spent in the entire game.
 B = Non-inter-level travel turns spent in this place as a percentage of non-inter-level travel turns spent in the entire game.
 C = Inter-level travel turns spent in this place as a percentage of turns spent in this place.
 D = Turns resting spent in this place as a percentage of non-inter-level travel turns spent in this place.
 E = Turns spent auto-exploring this place as a percentage of non-inter-level travel turns spent in this place.
 F = Non-inter-level travel turns spent in this place divided by the number of levels of this place that you've seen.
                   A       B       C       D       E      F
               +-------+-------+-------+-------+-------+----------------------
         Total | 100.0 | 100.0 |   0.0 |   0.0 |   0.0 | 132.0
         Abyss | 100.0 | 100.0 |   0.0 |   0.0 |   0.0 | 132.0
               +-------+-------+-------+-------+-------+----------------------

Vault maps used:
